 Dungeon Crawl Stone Soup version 0.14-a0-2327-g5ff15cf (webtiles) character file.

486 Jenx the Cudgeler (level 6, -1/55 HPs)
             Began as a Gargoyle Berserker on Jan 29, 2014.
             Was a Priest of Trog.
             Killed by divine providence
             ... invoked by an orc priest
              (13 damage)
             ... on Level 4 of the Dungeon.
             The game lasted 00:07:27 (2326 turns).

Jenx the Cudgeler (Gargoyle Berserker)              Turns: 2326, Time: 00:07:28

HP  -1/55        AC 18     Str 25      XL: 6   Next: 59%
MP   6/6         EV  7     Int  8      God: Trog [***...]
Gold 139         SH  0     Dex 11      Spells:  0 memorised,  5 levels left

rFire  . . .     SeeInvis .     a - +1,+3 orc flail (protect)
rCold  . . .     Clarity  .     r - +0 elf chain mail
rNeg   + . .     Conserve .     (no shield)
rPois  +         rCorr    .     (no helmet)
rElec  +         rRot     +     (no cloak)
SustAb . .       Spirit   .     (no gloves)
rMut   .         Warding  .     (no boots)
Saprov . . .     Stasis   .     (no amulet)
MR     ++...                    (no ring)
                                (no ring)

@: regenerating, berserking (expiring), very quick, very resistant to hostile
enchantments, extremely unstealthy
A: life protection 1, electricity resistance, unbreathing, petrification
resistance, AC +4
a: Burn Spellbooks, Berserk, Trog's Hand, Renounce Religion


You were on level 4 of the Dungeon.
You worshipped Trog.
Trog was most pleased with you.
You were not hungry.

You visited 1 branch of the dungeon, and saw 4 of its levels.
You also visited: Sewer.

You collected 139 gold pieces.

Inventory:

Hand weapons
 a - a +1,+3 orcish flail of protection (weapon)
Missiles
 b - 14 darts (quivered)
Armour
 k - a +2 ring mail
 r - a +0 elven chain mail (worn)
Magical devices
 n - a wand of magic darts (6)
Comestibles
 c - 4 bread rations
 f - a meat ration
 s - a lychee
Scrolls
 e - 5 scrolls of curse jewellery {unknown}
 g - 2 scrolls of remove curse
 p - a scroll of identify {unknown}
 x - a scroll of random uselessness {unknown}
 y - a scroll of fog {unknown}
 A - a scroll of magic mapping
Jewellery
 i - an uncursed ring of flight {unknown}
 u - an uncursed ring of magical power {unknown}
Potions
 d - 6 potions of curing {unknown}
 j - a potion of cure mutation {unknown}
 l - a potion of restore abilities {unknown}
 m - a potion of resistance {unknown}
 o - 2 potions of heal wounds {unknown}
 q - 2 potions of poison {unknown}
 t - 2 potions of speed {unknown}
 v - 2 potions of brilliance {unknown}
 w - 3 potions of berserk rage {unknown}
 z - a potion of magic {unknown}
Books
 h - a book of the Dragon

   Spells                             Type                      Level
   Flight                             Charms/Air                   3
   Cause Fear                         Hexes                        4
   Bolt of Fire                       Conjuration/Fire             6
   Dragon Form                        Transmutation                7
   Summon Dragon                      Summoning                    9
   Trog disapproves of the use of such an item.


   Skills:
 - Level 3.2 Fighting
 * Level 7.9 Maces & Flails
 - Level 2.1 Armour
 - Level 1.5 Dodging


You had 5 spell levels left.
You didn't know any spells.

Dungeon Overview and Level Annotations

Branches:
Dungeon (4/16)
 Temple: D:4-7

Altars:


Innate Abilities, Weirdness & Mutations

You are resistant to torment.
You are immune to poison.
Your stone body is very resilient (AC +4).
You resist negative energy.
You are resistant to electric shocks.
You can survive without breathing.
You are immune to petrification.


Message History

The orc priest hits you but does no damage.
The orc priest looks braver.
Use which ability? (? or * to list)
A red film seems to cover your vision as you go berserk!
You feel yourself moving faster!
You feel mighty!
You feel somewhat more hungry.
The orc priest becomes somewhat translucent.
The orc priest mumbles some strange prayers to Beogh against you.
Something smites you!
* * * LOW HITPOINT WARNING * * *
You bludgeon the orc priest!!
You kill the orc priest!
Trog accepts your kill.
An orc comes into view. It is wielding an orcish club.
The orc shouts!
You see here an orc corpse.
You feel a strong urge to attack something.
The orc priest calls down the wrath of Beogh upon you.
Something smites you!
You die...

#.# .#.#.# #
....#.# ....
#.#$#.##.#..#
###...........#
.............
........##.#
#...o....#
#...o@...#
#.###...###%.#
#......l.....#
........###..#
...#.......## #
....#.#.###.# .
##.#.#.#.# #.#
# .#......#.#
#.# #
..........# #.#


You could see an orc priest and an orc.

Vanquished Creatures
  The ghost of Jenx the Cudgeler, an average GrBe of Trog (Sewer)
  An orc priest (D:4)
  Jessica (D:2)
  An inept feature mimic (D:3)
  3 adders
  A giant mite (D:3)
  2 grey rats (D:3)
  4 giant geckos
  2 oozes (D:1)
  6 orcs (D:3)
  5 bats
  A giant cockroach (D:1)
  5 hobgoblins
  6 kobolds
  28 ball pythons
  3 giant newts
  4 goblins
  7 rats
81 creatures vanquished.

Notes
Turn   | Place    | Note
--------------------------------------------------------------
     0 | D:1      | Jenx, the Gargoyle Berserker, began the quest for the Orb.
     0 | D:1      | Reached XP level 1. HP: 14/14 MP: 1/1
    96 | D:1      | Reached XP level 2. HP: 9/19 MP: 2/2
   112 | D:1      | Reached skill level 4 in Maces & Flails
   797 | D:2      | Reached XP level 3. HP: 21/23 MP: 3/3
   912 | D:2      | Noticed Jessica
   916 | D:2      | Killed Jessica
   916 | D:2      | Acquired Trog's second power
   916 | D:2      | Reached skill level 5 in Maces & Flails
  1144 | D:2      | Reached XP level 4. HP: 28/28 MP: 4/4
  1552 | D:3      | Found a glowing drain.
  1575 | D:3      | Reached skill level 6 in Maces & Flails
  1583 | Sewer    | Entered a sewer
  1585 | Sewer    | Noticed Jenx's ghost (average GrBe)
  1592 | Sewer    | Reached XP level 5. HP: 29/32 MP: 5/5
  1608 | Sewer    | Killed Jenx's ghost
  1608 | Sewer    | Reached skill level 7 in Maces & Flails
  1608 | Sewer    | Reached XP level 6. HP: 24/37 MP: 6/6
  2326 | D:4      | Killed from afar by an orc priest

Action                   |  1- 3 |  4- 6 || total
-------------------------+-------+-------++-------
Melee: Mace              |    91 |    58 ||   149
       Flail             |       |    85 ||    85
Invok: Berserk           |       |     2 ||     2
       Trog's Hand       |       |     2 ||     2
Evoke: Wand              |       |     1 ||     1
  Use: Scroll            |       |     7 ||     7
 Stab: Sleeping          |     1 |       ||     1
